 Dungeon Crawl Stone Soup version 0.31-a0-865-g3d5d91748a (webtiles) character file.

Game seed: 5523075000604260081

683 ytrimaz the Sneak (level 7, 0/38 HPs)
             Began as an Octopode Shapeshifter on Oct 10, 2023.
             Succumbed to a scorpion's poison
             ... on level 5 of the Dungeon.
             The game lasted 00:06:01 (3951 turns).

ytrimaz the Sneak (Octopode Shapeshifter)           Turns: 3951, Time: 00:06:02

Health: 0/38       AC:  1    Str: 13    XL:     7   Next: 61%
Magic:  7/7        EV: 15    Int: 10    God:
Gold:   44         SH:  0    Dex: 14    Spells: 6/6 levels left

rFire   + .          .
                       - Unarmed
rCold   + . .        (no shield)
rNeg    . . .        (helmet currently unavailable)
rPois   .            (no amulet)
rElec   .            j - ring "Atyeton" {rF+ rC+}
rCorr   +            o - +4 ring of slaying
SInv    .            p - ring of resist corrosion
Will    +....        (no ring)
Stlth   +++++        (no ring)
HPRegen 0.26/turn    (no ring)
MPRegen 0.10/turn    (no ring)
                     (no ring)

%: no passive effects
@: lethally poisoned (0 -> -4), beast-form, enlightened, flying
A: beast (slay +1), almost no armour, amphibious, 8 rings, camouflage 1,
gelatinous body 1, (nimble swimmer 1), tentacles, dopey 1, frail 1
a: Begin Untransformation


You were on level 5 of the Dungeon.
You were a hulking beast.
You visited 1 branch of the dungeon, and saw 5 of its levels.

You collected 226 gold pieces.
You spent 182 gold pieces at shops.


Innate Abilities, Weirdness & Mutations

You are a hulking beast.
Your limbs bulge with bestial killing power. (Slay +1)
You cannot wear most types of armour.
You are amphibious.
You can wear up to eight rings at the same time.
Your skin changes colour to match your surroundings (Stealth+).
Your rubbery body absorbs attacks. (AC +1, EV +1)
((You are camouflaged when in or above water. (Stealth+)))
You have tentacles for arms and can constrict up to eight enemies at once.
You are dopey. (Int -2)
You are frail. (-10% HP)


   Skills:
 - Level 1.0 Fighting
 - Level 5.0 Dodging
 + Level 7.3 Stealth
 - Level 5.0 Unarmed Combat
 - Level 3.0 Shapeshifting


You had 6 spell levels left.
You didn't know any spells.
Your spell library contained the following spells:

 Spells                   Type           Power      Damage    Failure   Level
 Freeze                   Ice            0%         1d3       36%         1
 Call Canine Familiar     Summ           0%         N/A       75%         3
 Frozen Ramparts          Ice            0%         1d1       75%         3
 Hailstorm                Conj/Ice       0%         3d3       75%         3
 Sigil of Binding         Hex            0%         N/A       75%         3
 Dimensional Bullseye     Hex/Tloc       0%         N/A       98%         4
 Leda's Liquefaction      Hex/Erth       0%         N/A       98%         4

Inventory:

Jewellery
 j - the ring "Atyeton" (left tentacle) {rF+ rC+}
   (You found it on level 4 of the Dungeon)

   [ring of protection from cold]

   rF+:       It protects you from fire.
   rC+:       It protects you from cold.
 o - a +4 ring of slaying (right tentacle)
   (You found it on level 4 of the Dungeon)
 p - a ring of resist corrosion (on tentacle)
   (You found it on level 5 of the Dungeon)
Talismans
 b - a beast talisman (active)
 c - a flux talisman
 r - a serpent talisman
   (You found it on level 4 of the Dungeon)
Wands
 e - a wand of paralysis (9)
   (You took it off an orc on level 3 of the Dungeon)
 g - a wand of mindburst (5) (quivered)
   (You took it off Ijyb on level 3 of the Dungeon)
Scrolls
 a - 2 scrolls of teleportation
 d - a scroll of blinking
 f - a scroll of amnesia
 h - a scroll of poison
 k - 2 scrolls of fear
 l - 2 scrolls of fog
 m - a scroll of vulnerability
 n - a scroll of noise

Dungeon Overview and Level Annotations

Branches:
Dungeon (5/15) Zot: 26069
 Temple: D:4-7

Altars:
Elyvilon

Shops:
D:3

?
####.#..#...###.#
#....#...)...##.#
#.#.....#.......#
#..>######.######
#####.## #.#
..##b# #.# #.##b#
#+# ###b##b#


#.bbbbh# #.#bb### # # #b..# #### bb..... +... >b....### #### ##.##.## # #. ###
#. # # There were no monsters in sight!


Message History

You see here 3 poisoned darts.
Found a stone staircase leading down.
The shadow imp closely misses you.
You barely miss the shadow imp. Your grab misses the shadow imp.
You tentacle-slap the shadow imp. You squeeze the shadow imp.
You bludgeon the centaur! You squeeze the centaur.
The shadow imp barely misses you. The centaur hits you.
The centaur barely misses you. 😕 HP[-1]
You take 1 damage, and now have 37/38 hp.
You bludgeon the shadow imp!
You kill the shadow imp!
The centaur closely misses you. The centaur kicks you. 😕 HP[-2]
You take 2 damage, and now have 35/38 hp.
You tentacle-slap the centaur. The centaur closely misses you.
The centaur misses you. The centaur closely misses you. The centaur kicks you.
Unknown command.
You closely miss the centaur. The centaur hits you. The centaur misses you.
You bludgeon the centaur!
You kill the centaur!
Training target 5.0 for Dodging reached!
Your Dodging skill increases to level 5! 😕 HP[-1]
You take 1 damage, and now have 34/38 hp.
Things that are here:
a +0 shortbow; a centaur corpse No target in view!
Unknown command.
A scorpion comes into view.
Found a stone staircase leading down. 😎 HP[+4]
Your hp is fully restored (38).
A scorpion is nearby!
A scorpion is nearby!
A scorpion is nearby!
A scorpion is nearby!
Unknown command.
The helpless scorpion fails to defend itself.
You tentacle-slap the scorpion. Your grab misses the scorpion.
You tentacle-slap the scorpion, but do no damage.
Your squeeze misses the scorpion. The scorpion stings you.
You are poisoned.
The scorpion poisons you!
You closely miss the scorpion. You grab the scorpion.
You constrict the scorpion, but do no damage.
You feel sick. The scorpion closely misses you.
The scorpion stings you! 😮 HP[-15]
You take 15 damage, and now have 23/38 hp.
MASSIVE DAMAGE!! (PAUSE)
You tentacle-slap the scorpion but do no damage.
You constrict the scorpion.
You feel sick. The scorpion stings you!
* * * LOW HITPOINT WARNING * * *
You are lethally poisoned!
The scorpion poisons you! 😨 HP[-7]
You take 7 damage, and now have 16/38 hp.
You bludgeon the scorpion! You constrict the scorpion.
* * * LOW HITPOINT WARNING * * *
You feel very sick. The scorpion stings you.
* * * LOW HITPOINT WARNING * * *
😨 HP[-6]
You take 6 damage, and now have 10/38 hp.
Unknown command.
Okay, then.
Blink to where?
Press: ? - help, Dir - move target You lose your grip on the scorpion.
As you read the scroll of blinking, it crumbles to dust.
* * * LOW HITPOINT WARNING * * *
You feel very sick. 😱 HP[-3]
You take 3 damage, and now have 7/38 hp.
Okay, then.
Aiming: Mindburst
Press: ? - help, Q - select action, (/) - cycle Shift-Dir - straight line, f - scorpion
Aim: a scorpion (translocational energy, severely wounded, chance to affect: 64%)
The scorpion's mind is blasted!
You blow up the scorpion!
* * * LOW HITPOINT WARNING * * *
You feel very sick.
Your Stealth skill increases to level 7! 😱 HP[-3]
You take 3 damage, and now have 4/38 hp.
* * * LOW HITPOINT WARNING * * *
You feel sick. 😱 HP[-1]
You take 1 damage, and now have 3/38 hp.
Okay, then.
You feel very buoyant.
You fly up into the air.
* * * LOW HITPOINT WARNING * * *
You feel sick. 😱 HP[-2]
You take 2 damage, and now have 1/38 hp.
You aren't carrying any potions.
Unknown command.
As you read the scroll labelled IGOASA FOYRI, it crumbles to dust.
You hear the flapping of tiny wings.
It was a scroll of butterflies.
You die...

Skill      XL: |  1  2  3  4  5  6  7 |
---------------+----------------------+-----
Stealth        | 1 2 3 4 5 7 |  7.3
Dodging        | 3 4 5 |  5.0
Unarmed Combat | 4 5 |  5.0
Fighting       | |  1.0
Shapeshifting  | |  3.0

Action                     |  1- 3 |  4- 6 |  7- 9 || total
---------------------------+-------+-------+-------++-------
  Melee: Unarmed           |    72 |   130 |    38 ||   240
         Constrict         |    20 |    31 |    10 ||    61
         Tentacles         |    15 |    27 |    13 ||    55
         Punch             |     2 |     6 |     3 ||    11
  Evoke: Wand              |       |       |     1 ||     1
    Use: Scroll            |       |     9 |     3 ||    12
         Potion            |       |     5 |     1 ||     6
   Stab: Sleeping          |     9 |     9 |     2 ||    20
 Armour: Skin              |    39 |    62 |    20 ||   121
  Dodge: Dodged            |    49 |    54 |    18 ||   121

Levels and vault maps discovered:
D:1:      dpeg_arrival_long_road, layout_loops_cross
D:2:      layout_loops_cross, serial_glass, glass_columns_a, glass_columns_a
D:3:      layout_rooms, nicolae_overflow_ecumenical_swirl,
          shapermc_ecumenical_altar_notcrosses, serial_shops,
          nicolae_shop_drivethru, minmay_bisected, uniq_ijyb
D:4:      layout_loops_cross, elyvilon_altar_4, hangedman_decor_points,
          nicolae_houndstooth_variations, uniq_robin, uniq_crazy_yiuf_cottage
D:5:      layout_loops_corners, lemuel_mausoleum_altar_kikubaaqudgha,
          portal_sewer_entry_f

Notes
Turn   | Place    | Note
-------+----------+-------------------------------------------
     0 | D:1      | ytrimaz the Octopode Shapeshifter began the quest for the
                  | Orb.
     0 | D:1      | Reached XP level 1. HP: 13/13 MP: 1/1
     0 | D:1      | magus.rc [v1.9.6]
    84 | D:1      | Reached skill level 1 in Stealth
    89 | D:1      | Reached XP level 2. HP: 13/18 MP: 2/2
   483 | D:1      | Reached XP level 3. HP: 20/23 MP: 3/3
   593 | D:1      | Reached skill level 2 in Stealth
  1143 | D:2      | Reached XP level 4. HP: 28/28 MP: 4/4
  1360 | D:3      | Noticed Ijyb
  1366 | D:3      | Reached skill level 3 in Dodging
  1403 | D:3      | HP: 7/28 [poisoned by an adder]
  1408 | D:3      | Reached skill level 3 in Stealth
  1408 | D:3      | HP: 3/28 [poisoned by an adder]
  1432 | D:3      | Paralysed by an orc for 3 turns
  1433 | D:3      | HP: 5/28 [orc/+0 dagger (3)]
  1434 | D:3      | HP: 1/28 [orc/+0 dagger (4)]
  1435 | D:3      | Gained mutation: You are frail. (-10% HP) [potion of
                  | mutation]
  1435 | D:3      | Gained mutation: You are dopey. (Int -2) [potion of
                  | mutation]
  1461 | D:3      | Reached skill level 4 in Unarmed Combat
  1461 | D:3      | Reached XP level 5. HP: 29/29 MP: 5/5
  1657 | D:3      | Found a faded altar of an unknown god.
  1825 | D:3      | You pick up a book of Frost and begin reading...
  1825 | D:3      | You add the spells Freeze, Frozen Ramparts and Hailstorm to
                  | your library.
  1846 | D:3      | HP: 2/29 [disintegration (18)]
  1851 | D:3      | Killed Ijyb
  1852 | D:3      | Reached skill level 4 in Stealth
  2093 | D:3      | Found a faded altar of an unknown god.
  2147 | D:3      | Found a transporter.
  2147 | D:3      | Found Firchu Goneu's Magic Scroll Shoppe.
  2186 | D:3      | Found a transporter.
  2195 | D:3      | Bought a scroll of identify for 26 gold pieces
  2195 | D:3      | Bought a scroll of identify for 26 gold pieces
  2195 | D:3      | Bought a scroll of identify for 26 gold pieces
  2195 | D:3      | Bought a scroll of fear for 52 gold pieces
  2195 | D:3      | Bought a scroll of fog for 52 gold pieces
  2267 | D:4      | Found a white marble altar of Elyvilon.
  2336 | D:4      | Reached XP level 6. HP: 26/34 MP: 6/6
  2436 | D:4      | Reached skill level 4 in Dodging
  2524 | D:4      | Identified the ring "Atyeton" {rF+ rC+}
  2692 | D:4      | Reached skill level 5 in Stealth
  3039 | D:4      | HP: 7/34 [something (2)]
  3046 | D:4      | Noticed Robin
  3057 | D:4      | Killed Robin
  3073 | D:4      | Reached XP level 7. HP: 16/38 MP: 7/7
  3281 | D:5      | Entered Level 5 of the Dungeon
  3312 | D:5      | You pick up a book of the Hunter and begin reading...
  3312 | D:5      | You add the spells Sigil of Binding, Call Canine Familiar,
                  | Dimensional Bullseye and Leda's Liquefaction to your
                  | library.
  3419 | D:5      | Reached skill level 5 in Unarmed Combat
  3556 | D:5      | Reached skill level 6 in Stealth
  3562 | D:5      | HP: 5/38 [gnoll/+0 spear[a gnoll bouda] (5)]
  3913 | D:5      | Reached skill level 5 in Dodging
  3947 | D:5      | HP: 7/38 [poisoned by a scorpion]
  3949 | D:5      | Reached skill level 7 in Stealth
  3949 | D:5      | HP: 3/38 [poisoned by a scorpion]
  3950 | D:5      | HP: 1/38 [poisoned by a scorpion]
  3951 | D:5      | Succumbed to a scorpion's poison

Vanquished Creatures
  A centaur (D:5)
  2 scorpions
  A gnoll bouda (D:5)
  A hound (D:4)
  An orc priest (D:3)
  2 iguanas (D:4)
  An orc wizard (D:4)
  A sleepcap (D:4)
  Ijyb (D:3)
  Robin (D:4)
  8 gnolls
  5 adders
  A shadow imp (D:5)
  An ufetubus (D:5)
  3 worms
  3 dart slugs
  11 orcs
  6 bats
  6 endoplasms
  6 giant cockroaches
  13 goblins
  10 hobgoblins
  6 kobolds
  6 quokkas
  5 ball pythons
  3 frilled lizards
  6 rats
111 creatures vanquished.

Table legend:
 A = Non-vault XP
 B = Vault XP
 C = Vault XP percentage of total XP
 D = Non-vault monster count
 E = Vault monster count
 F = Vault count percentage of total count
                 A         B        C        D         E       F
            +---------+---------+-------+---------+---------+-------
      Total |     891 |      85 |   8.7 |      97 |      14 |  12.6
            +---------+---------+-------+---------+---------+-------
        D:1 |      36 |       0 |   0.0 |      21 |       0 |   0.0
        D:2 |      50 |       0 |   0.0 |      19 |       0 |   0.0
        D:3 |     145 |      51 |  26.0 |      26 |       3 |  10.3
        D:4 |     305 |      34 |  10.0 |      17 |      11 |  39.3
        D:5 |     355 |       0 |   0.0 |      14 |       0 |   0.0
            +---------+---------+-------+---------+---------+-------

Skill      XL: |  1  2  3  4  5  6  7 |
---------------+----------------------+-----
Stealth        | 1 2 3 4 5 7 |  7.3
Dodging        | 3 4 5 |  5.0
Unarmed Combat | 4 5 |  5.0
Fighting       | |  1.0
Shapeshifting  | |  3.0

Action                     |  1- 3 |  4- 6 |  7- 9 || total
---------------------------+-------+-------+-------++-------
  Melee: Unarmed           |    72 |   130 |    38 ||   240
         Constrict         |    20 |    31 |    10 ||    61
         Tentacles         |    15 |    27 |    13 ||    55
         Punch             |     2 |     6 |     3 ||    11
  Evoke: Wand              |       |       |     1 ||     1
    Use: Scroll            |       |     9 |     3 ||    12
         Potion            |       |     5 |     1 ||     6
   Stab: Sleeping          |     9 |     9 |     2 ||    20
 Armour: Skin              |    39 |    62 |    20 ||   121
  Dodge: Dodged            |    49 |    54 |    18 ||   121

Illustrated notes

Table legend:
 A = Kills in this place as a percentage of kills in the entire game.
 B = Kills by you in this place as a percentage of kills by you in the entire game.
 C = Kills by friends in this place as a percentage of kills by friends in the entire game.
 D = Other kills in this place as a percentage of other kills in the entire game.
 E = Experience gained in this place as a percentage of experience gained in the entire game.
 F = Experience gained in this place divided by the number of levels of this place that you have seen.
                   A       B       C       D       E      F
               +-------+-------+-------+-------+-------+----------------------
         Total | 100.0 | 100.0 |   N/A |   N/A | 100.0 | 195.2
       Dungeon | 100.0 | 100.0 |   N/A |   N/A | 100.0 | 195.2
               +-------+-------+-------+-------+-------+----------------------

Table legend: (Time is in decaauts)
 A = Elapsed time spent in this place.
 B = Non-inter-level travel time spent in this place.
 C = Inter-level travel time spent in this place.
 D = Time resting spent in this place.
 E = Time spent auto-exploring this place.
 F = Levels seen in this place.
 G = Mean time per level.
                   A        B        C        D        E       F      G
               +--------+--------+--------+--------+--------+-----+--------+
         Total |   3930 |   3853 |     77 |     35 |   3019 |   5 |  786.0 |
       Dungeon |   3930 |   3853 |     77 |     35 |   3019 |   5 |  786.0 |
               +--------+--------+--------+--------+--------+-----+--------+

Top non-repeatable levels by time:
     D:4: 1034 daAuts
     D:3: 874 daAuts
     D:2: 728 daAuts
     D:5: 665 daAuts
     D:1: 627 daAuts
